 Dungeon Crawl Stone Soup version 0.27-a0-1084-g78b3836a5f (webtiles) character file.

Game seed: 2005382600741691799

48174 flotson the Covert (level 14, -3/102 (113) HPs)
             Began as a Gnoll Delver on Apr 26, 2021.
             Was a High Priest of Okawaru.
             Slain by an orc warlord
             ... wielding a +2 glaive of pain
              (21 damage)
             ... on level 9 of the Dungeon.
             The game lasted 01:05:18 (29307 turns).

flotson the Covert (Gnoll Delver)                  Turns: 29307, Time: 01:05:19

HP:   -3/102 (113)  AC: 21    Str: 17    XL:     14   Next: 45%
MP:   27/27         EV: 13    Int: 10    God:    Okawaru [*****.]
Gold: 1729          SH:  0    Dex: 13    Spells: 18/31 levels left

rFire    . . .     SeeInvis +   V - +7 quick blade
rCold    . . .     Faith    .   (no shield)
rNeg     . . .     Spirit   .   r - +1 chain mail {rPois}
rPois    +         Reflect  .   u - +2 hat "Aclod" {SInv}
rElec    .         Harm     .   F - scarf {+Inv}
rCorr    .         Rampage  .   d - +0 pair of gloves
Will     +++..                  C - +2 pair of boots
Stlth    +++++.....             Y - amulet of Tyoryire {RegenMP Fly Regen+ Slay+2 Stlth+}
HPRegen  1.27/turn              l - ring of willpower
MPRegen  0.45/turn              p - ring of willpower

@: heroic, flying, drained
A: fangs 1, strong nose, distributed training
a: Renounce Religion, Evoke Invisibility, Heroism, Finesse


You were on level 9 of the Dungeon.
You worshipped Okawaru.
Okawaru was extremely pleased with you.
You visited 4 branches of the dungeon, and saw 20 of its levels.

You collected 1729 gold pieces.

Inventory:

Hand Weapons
 a - a +0 vorpal war axe
 b - a +1 vorpal hunting sling
 c - a +4 trident of protection
 z - the +5 dagger "Maklyx" {elec, rPois}
   (You found it on level 8 of the Dungeon)

   Occasionally, upon striking a foe, it can discharge electrical energy and
   cause terrible harm.
   It protects you from poison.
 V - a +7 quick blade (weapon)
Missiles
 k - 29 boomerangs
 q - 12 boomerangs of dispersal
 s - 9 javelins
 x - 138 sling bullets
 y - 8 curare-tipped darts (quivered)
 H - 62 poisoned darts
 P - 3 throwing nets
 T - 7 silver boomerangs
 Z - 4 atropa-tipped darts
Armour
 d - a +0 pair of gloves (worn)
 r - a +1 chain mail of poison resistance (worn)
 u - the +2 hat "Aclod" (worn) {SInv}
   (You acquired it on level 5 of the Lair of Beasts)

   It lets you see invisible.
 C - a +2 pair of boots (worn)
 F - a scarf of invisibility (worn)
 N - +0 fire dragon scales
Jewellery
 l - a ring of willpower (left hand)
 p - a ring of willpower (right hand)
 B - a ring of resist corrosion
 Y - the amulet of Tyoryire (around neck) {RegenMP Fly Regen+ Slay+2 Stlth+}
   (You acquired it on level 5 of the Lair of Beasts)

   [amulet of magic regeneration]

   It increases your rate of magic regeneration.
   It affects your accuracy and damage with ranged weapons and melee attacks
   (+2).
   It grants you flight.
   It increases your rate of health regeneration.
   It makes you more stealthy.
Wands
 g - a wand of digging (3)
 i - a wand of mindburst (9)
 D - a wand of flame (39)
 J - a wand of acid (7)
 L - a wand of iceblast (7)
 R - a wand of charming (14)
 X - a wand of paralysis (10)
Scrolls
 h - 5 scrolls of enchant weapon
 j - a scroll of blinking {unknown}
 o - 2 scrolls of magic mapping
 v - 4 scrolls of enchant armour
 E - 2 scrolls of summoning
 G - 2 scrolls of immolation {unknown}
 K - a scroll of fog
 Q - 3 scrolls of teleportation
 S - 2 scrolls of torment {unknown}
 W - a scroll of holy word {unknown}
Potions
 f - 6 potions of haste
 m - 6 potions of curing
 n - a potion of mutation
 t - a potion of might
 w - 2 potions of attraction
 I - a potion of ambrosia
 M - 3 potions of lignification
 O - a potion of heal wounds
Miscellaneous
 A - a phial of floods


   Skills:
 + Level 11.1(16.1) Fighting
 + Level 9.2(14.2) Short Blades
 + Level 9.2(14.2) Long Blades
 + Level 9.2(14.2) Axes
 + Level 9.2(14.2) Maces & Flails
 + Level 10.3(15.3) Polearms
 + Level 9.2(14.2) Staves
 + Level 9.2(14.2) Slings
 + Level 9.2(14.2) Bows
 + Level 9.2(14.2) Crossbows
 + Level 9.2(14.2) Throwing
 + Level 9.2(14.2) Armour
 + Level 10.3(15.3) Dodging
 + Level 12.8(17.8) Stealth
 + Level 9.2(14.2) Shields
 + Level 9.2(14.2) Unarmed Combat
 + Level 9.2 Spellcasting
 + Level 7.7 Conjurations
 + Level 7.7 Hexes
 + Level 7.7 Summonings
 + Level 7.7 Necromancy
 + Level 7.7 Translocations
 + Level 7.7 Transmutations
 + Level 7.7 Fire Magic
 + Level 7.7 Ice Magic
 + Level 7.7 Air Magic
 + Level 7.7 Earth Magic
 + Level 7.7 Poison Magic
 + Level 10.0 Invocations
 + Level 9.2 Evocations


You had 18 spell levels left.
You knew the following spells:

 Your Spells              Type           Power      Damage    Failure   Level
a - Mephitic Cloud        Conj/Pois/Air  20%        N/A       14%         3
b - Call Imp              Summ           20%        N/A       7%          2
c - Call Canine Familiar  Summ           20%        N/A       14%         3
d - Blink                 Tloc           N/A        N/A       7%          2
e - Summon Guardian Gole  Hex/Summ       20%        N/A       14%         3

Your spell library contained the following spells:

 Spells                   Type           Power      Damage    Failure   Level
 Magic Dart               Conj           80%        1d7       4%          1
 Summon Small Mammal      Summ           80%        N/A       4%          1
 Slow                     Hex            20%        N/A       7%          2
 Conjure Flame            Conj/Fire      20%        6-21      14%         3
 Summon Ice Beast         Ice/Summ       20%        N/A       41%         4
 Summon Lightning Spire   Summ/Air       20%        N/A       41%         4


Dungeon Overview and Level Annotations

Branches:
Dungeon (12/15)            Temple (1/1) D:5            Lair (6/6) D:10
 Shoals (0/4) Lair:2       Spider (0/4) Lair:4        Slime (0/5) Lair:5
    Orc (1/2) D:9

Altars:
Ashenzari
Cheibriados
Dithmenos
Elyvilon
Fedhas
Gozag
Hepliaklqana
Kikubaaqudgha
Makhleb
Nemelex Xobeh
Okawaru
Qazlal
Ru
Sif Muna
Trog
Uskayaw
Vehumet
Wu Jian
Xom
Yredelemnul
Zin
The Shining One
Beogh
Jiyva

Annotations:
D:5 Prince Ribbit
D:7 2 transporters, pokeman's ghost, novice DEWz
Lair:3 exclusion: 3 oklob plants


Innate Abilities, Weirdness & Mutations

You have very sharp teeth.
Your uncanny sense of smell can sniff out nearby items.
Your experience applies equally to all skills.


Message History

You punch the orc warlord, but do no damage.
You bite the orc warlord, but do no damage.
The orc warlord is lightly wounded.
You hit the orc warlord but do no damage.
The orc warlord is lightly wounded.
The orc warlord barely misses you.
You hit the orc warlord.
The orc warlord is lightly wounded.
You puncture the orc warlord!
The orc warlord is lightly wounded.
You puncture the orc warlord!
The orc warlord is moderately wounded.
You puncture the orc warlord!
The orc warlord is moderately wounded.
The orc warlord hits you with a +2 glaive of pain!
You writhe in agony.
You are too injured to fight recklessly!
You are too injured to fight recklessly!
You are too injured to fight recklessly!
You are too injured to fight recklessly!
You are too injured to fight recklessly!
You are too injured to fight recklessly!
You are too injured to fight recklessly!
You are too injured to fight recklessly!
You barely miss the orc warlord. Your bite misses the orc warlord.
The orc warlord is moderately wounded.
You hit the orc warlord but do no damage.
The orc warlord is moderately wounded.
You hit the orc warlord.
The orc warlord is moderately wounded.
The orc warlord hits you with a +2 glaive of pain!!
* * * LOW HITPOINT WARNING * * *
You writhe in agony!
* * * LOW HITPOINT WARNING * * *
You closely miss the orc warlord.
The orc warlord is moderately wounded.
You hit the orc warlord but do no damage.
The orc warlord is moderately wounded.
The orc warlord hits you from afar with a +2 glaive of pain!!
You die...

#.# #...# #..# #. #.#
#...# #..# #. #.#
#...# #..########.
#.# #...#
#........... #.#
#...# #...........
#.# #...#
#........... #.#
#...######...######..
#.# #............#
#.. #.#
#...@.)..##..# #..
#.# #..))>o..##..#
#..
#.###.)[)[..###..#
#.. #.[...#8...8#
#..# #..
#[[######[### #..#
#.. #..# #.....# #..#
#.. #).# #.....# #..#
#.. #).# #.._..#
#..######.. #..#
#.....# #..........


You could see an orc warlord.

Vanquished Creatures
  Snorg (Orc:1)
  An ettin (D:9)
  A fire dragon (Lair:6)
  Harold (Lair:2)
  A boulder beetle (Lair:6)
  Fannar (Lair:2)
  4 hydras
  The ghost of spiderkeys the Spear-Bearer, a novice MiAK of Lugonu (D:9)
  5 death yaks
  A two-headed ogre (D:9)
  Sonja (D:10)
  Nergalle (D:10)
  A swamp dragon (Lair:6)
  Pikel (D:6)
  An ugly thing (D:12)
  An orc sorcerer (Orc:1)
  A merfolk siren (Lair:2)
  8 black mambas
  3 torpor snails
  9 cane toads
  2 kobold demonologists (D:10)
  4 rime drakes
  An unseen horror (D:10)
  5 komodo dragons
  4 polar bears
  2 jumping spiders (Lair:4)
  3 trolls
  22 blink frogs
  A dream sheep (Lair:6)
  A redback (Lair:4)
  44 yaks
  Sigmund (D:3)
  4 wyverns
  A wraith (D:10)
  7 basilisks
  7 vampire mosquitoes (D:12)
  4 steam dragons
  Menkaure (D:5)
  Edmund (D:6)
  An acid dragon (Lair:6)
  18 water moccasins
  A swamp drake (Lair:6)
  15 orc warriors
  A sky beast (D:5)
  2 black bears
  12 wolves
  5 centaurs
  5 ogres
  A lemure (D:6)
  7 bullfrogs
  Blork the orc (D:5)
  4 scorpions
  11 wights (D:9)
  2 howler monkeys
  An electric eel (D:6)
  5 centaur zombies
  3 hounds
  7 jellies
  10 orc priests
  3 bullfrog skeletons (D:5)
  4 iguanas
  12 orc wizards
  A hound zombie (D:5)
  A hound skeleton (D:5)
  A howler monkey zombie (D:9)
  4 gnolls (D:5)
  3 adders
  An ufetubus (D:6)
  2 dart slugs (D:4)
  63 orcs
  7 endoplasms
  4 giant cockroaches
  6 hobgoblins
  5 jackals
  3 quokkas
  8 ball pythons
  5 bats
  2 frilled lizards
  7 goblins
  6 kobolds
  4 rats
423 creatures vanquished.

Vanquished Creatures (others)
  A basilisk (Lair:6)
  An iguana (Lair:6)
  53 fungi
  60 plants
115 creatures vanquished.

Grand Total: 538 creatures vanquished

Notes
Turn   | Place    | Note
-------+----------+-------------------------------------------
     0 | D:5      | Reached skill level 9 in Stealth
     0 | D:5      | flotson the Gnoll Delver began the quest for the Orb.
     0 | D:5      | Reached XP level 1. HP: 23/23 MP: 1/1
   197 | D:3      | Noticed Sigmund
   506 | D:3      | Reached XP level 2. HP: 28/29 MP: 2/2
   890 | D:1      | Reached XP level 3. HP: 35/35 MP: 3/3
  1256 | D:1      | Reached skill level 1 in Invocations
  1287 | D:1      | Found a faded altar of an unknown god.
  1390 | D:2      | Found an ornate altar of the Wu Jian Council.
  1394 | D:2      | Reached skill level 1 in Short Blades
  1394 | D:2      | Reached skill level 1 in Long Blades
  1394 | D:2      | Reached skill level 1 in Axes
  1394 | D:2      | Reached skill level 1 in Maces & Flails
  1394 | D:2      | Reached skill level 1 in Staves
  1394 | D:2      | Reached skill level 1 in Slings
  1394 | D:2      | Reached skill level 1 in Bows
  1394 | D:2      | Reached skill level 1 in Crossbows
  1394 | D:2      | Reached skill level 1 in Throwing
  1394 | D:2      | Reached skill level 1 in Armour
  1394 | D:2      | Reached skill level 1 in Shields
  1394 | D:2      | Reached skill level 1 in Unarmed Combat
  1394 | D:2      | Reached skill level 1 in Spellcasting
  1394 | D:2      | Reached skill level 1 in Evocations
  1625 | D:2      | Reached XP level 4. HP: 41/41 MP: 5/5
  2060 | D:3      | Killed Sigmund
  2061 | D:3      | Reached skill level 1 in Conjurations
  2061 | D:3      | Reached skill level 1 in Hexes
  2061 | D:3      | Reached skill level 1 in Summonings
  2061 | D:3      | Reached skill level 1 in Necromancy
  2061 | D:3      | Reached skill level 1 in Translocations
  2061 | D:3      | Reached skill level 1 in Transmutations
  2061 | D:3      | Reached skill level 1 in Fire Magic
  2061 | D:3      | Reached skill level 1 in Ice Magic
  2061 | D:3      | Reached skill level 1 in Air Magic
  2061 | D:3      | Reached skill level 1 in Earth Magic
  2061 | D:3      | Reached skill level 1 in Poison Magic
  2061 | D:3      | Reached XP level 5. HP: 28/47 MP: 5/7
  2593 | D:3      | Reached XP level 6. HP: 47/53 MP: 8/8
  2754 | D:4      | Reached skill level 5 in Polearms
  2754 | D:4      | Reached skill level 5 in Dodging
  3625 | D:5      | Noticed Blork the orc
  3627 | D:5      | Noticed a black bear
  3693 | D:5      | Reached XP level 7. HP: 48/59 MP: 10/10
  4669 | D:5      | Noticed Prince Ribbit
  5054 | D:5      | Reached skill level 10 in Stealth
  5054 | D:5      | Reached XP level 8. HP: 65/67 MP: 12/12
  5239 | D:5      | Noticed Menkaure
  5248 | D:5      | Killed Menkaure
  5522 | D:5      | Killed Blork the orc
  5890 | D:5      | Found a staircase to the Ecumenical Temple.
  5899 | Temple   | Entered the Ecumenical Temple
  5958 | Temple   | Became a worshipper of Warmaster Okawaru
  6755 | D:6      | Noticed Pikel
  6807 | D:6      | Killed Pikel
  6808 | D:6      | Reached XP level 9. HP: 13/73 MP: 14/14
  7113 | D:6      | Noticed Edmund
  7136 | D:6      | Killed Edmund
  7992 | D:6      | Reached * piety under Okawaru
  9453 | D:6      | Reached skill level 5 in Invocations
 10524 | D:7      | Found a transporter.
 10528 | D:7      | Noticed pokeman's ghost (novice DEWz)
 10539 | D:7      | Noticed a troll
 10553 | D:7      | Found a transporter.
 10837 | D:8      | Reached XP level 10. HP: 74/80 MP: 17/17
 10896 | D:8      | Reached ** piety under Okawaru
 11383 | D:6      | Reached skill level 5 in Short Blades
 11383 | D:6      | Reached skill level 5 in Long Blades
 11383 | D:6      | Reached skill level 5 in Axes
 11383 | D:6      | Reached skill level 5 in Maces & Flails
 11383 | D:6      | Reached skill level 5 in Staves
 11383 | D:6      | Reached skill level 5 in Slings
 11383 | D:6      | Reached skill level 5 in Bows
 11383 | D:6      | Reached skill level 5 in Crossbows
 11383 | D:6      | Reached skill level 5 in Throwing
 11383 | D:6      | Reached skill level 5 in Armour
 11383 | D:6      | Reached skill level 5 in Shields
 11383 | D:6      | Reached skill level 5 in Unarmed Combat
 11383 | D:6      | Reached skill level 5 in Spellcasting
 11383 | D:6      | Reached skill level 5 in Evocations
 12013 | D:8      | Identified the +5 dagger "Maklyx" {elec, rPois}
 12527 | D:9      | Noticed a two-headed ogre
 12545 | D:9      | Killed a two-headed ogre
 12545 | D:9      | Reached *** piety under Okawaru
 12610 | D:9      | Reached skill level 11 in Stealth
 12622 | D:9      | Reached **** piety under Okawaru
 12631 | D:9      | Identified the +1 robe of Iroch {rPois rF+ rCorr Stlth-}
 12720 | D:9      | Found a runed translucent door.
 12722 | D:9      | Noticed spiderkeys's ghost (novice MiAK)
 12810 | D:9      | Reached XP level 11. HP: 84/87 MP: 19/19
 12913 | D:9      | Found a staircase to the Orcish Mines.
 12948 | D:9      | Received a gift from Okawaru
 13461 | D:9      | Killed spiderkeys's ghost
 13462 | D:9      | Reached skill level 5 in Conjurations
 13462 | D:9      | Reached skill level 5 in Hexes
 13462 | D:9      | Reached skill level 5 in Summonings
 13462 | D:9      | Reached skill level 5 in Necromancy
 13462 | D:9      | Reached skill level 5 in Translocations
 13462 | D:9      | Reached skill level 5 in Transmutations
 13462 | D:9      | Reached skill level 5 in Fire Magic
 13462 | D:9      | Reached skill level 5 in Ice Magic
 13462 | D:9      | Reached skill level 5 in Air Magic
 13462 | D:9      | Reached skill level 5 in Earth Magic
 13462 | D:9      | Reached skill level 5 in Poison Magic
 13553 | D:10     | Entered Level 10 of the Dungeon
 13645 | D:10     | Received a gift from Okawaru
 13816 | D:10     | You fall into a shaft and drop 1 floor!
 13817 | D:11     | Noticed a two-headed ogre
 14132 | D:10     | Found a staircase to the Lair.
 14211 | D:10     | Noticed a sixfirhy
 14664 | D:10     | Found a broken altar of Ashenzari.
 14873 | D:10     | Noticed Nergalle
 14895 | D:10     | Killed Nergalle
 14895 | D:10     | Reached ***** piety under Okawaru
 15265 | D:10     | You fall into a shaft and drop 2 floors!
 15266 | D:12     | Noticed a purple ugly thing
 15288 | D:12     | Killed a purple ugly thing
 15707 | D:10     | Found a shadowy altar of Dithmenos.
 15708 | D:10     | Found an ancient bone altar of Kikubaaqudgha.
 15708 | D:10     | Found a snail-covered altar of Cheibriados.
 15708 | D:10     | Found a hazy altar of Hepliaklqana.
 15708 | D:10     | Found a sacrificial altar of Ru.
 15709 | D:10     | Found a blossoming altar of Fedhas.
 15710 | D:10     | Found a glowing golden altar of the Shining One.
 15712 | D:10     | Found an opulent altar of Gozag.
 15917 | D:10     | Noticed Sonja
 15939 | D:10     | Killed Sonja
 15939 | D:10     | Received a gift from Okawaru
 16330 | Orc:1    | Entered Level 1 of the Orcish Mines
 16330 | Orc:1    | Noticed an ettin
 16415 | Lair:1   | Entered Level 1 of the Lair of Beasts
 16884 | Lair:1   | Reached XP level 12. HP: 66/96 MP: 22/22
 17845 | Lair:2   | Learned a level 3 spell: Mephitic Cloud
 17848 | Lair:2   | Learned a level 2 spell: Call Imp
 17852 | Lair:2   | Learned a level 3 spell: Call Canine Familiar
 17855 | Lair:2   | Learned a level 2 spell: Blink
 17876 | Lair:2   | Noticed Fannar
 17903 | Lair:1   | Learned a level 3 spell: Summon Guardian Golem
 18268 | Lair:1   | Received a gift from Okawaru
 19296 | Lair:2   | Received a gift from Okawaru
 19768 | Lair:2   | Reached skill level 10 in Fighting
 20112 | Lair:2   | Killed Fannar
 20415 | Lair:2   | Noticed an eight-headed hydra
 20449 | Lair:1   | Killed an eight-headed hydra
 20450 | Lair:1   | Reached skill level 12 in Stealth
 20911 | Lair:2   | Found a staircase to the Shoals.
 21028 | Lair:2   | Noticed Harold
 21067 | Lair:2   | Killed Harold
 21068 | Lair:2   | Reached XP level 13. HP: 76/103 MP: 24/24
 22606 | Lair:3   | Paralysed by a floating eye for 4 turns
 22616 | Lair:3   | Paralysed by a floating eye for 2 turns
 22625 | Lair:3   | Paralysed by a floating eye for 3 turns
 22632 | Lair:3   | Paralysed by a floating eye for 4 turns
 22638 | Lair:3   | Paralysed by a floating eye for 3 turns
 22643 | Lair:3   | Paralysed by a floating eye for 4 turns
 22648 | Lair:3   | Paralysed by a floating eye for 3 turns
 22654 | Lair:3   | Paralysed by a floating eye for 2 turns
 22663 | Lair:3   | Paralysed by a floating eye for 2 turns
 22668 | Lair:3   | Paralysed by a floating eye for 2 turns
 23368 | Lair:4   | Received a gift from Okawaru
 23798 | Lair:4   | Found a hole to the Spider Nest.
 23840 | Lair:4   | Received a gift from Okawaru
 25758 | Lair:5   | Identified 3 scrolls of acquirement
 25759 | Lair:5   | Acquired the amulet of Tyoryire {RegenMP Fly Regen+ Slay+2
                  | Stlth+}
 25771 | Lair:5   | Acquired 652 gold pieces
 25772 | Lair:5   | Acquired the +2 hat "Aclod" {SInv}
 25858 | Lair:5   | Found a viscous altar of Jiyva.
 25858 | Lair:5   | Found a staircase to the Slime Pits.
 26493 | Lair:6   | Entered Level 6 of the Lair of Beasts
 26606 | Lair:6   | Reached ****** piety under Okawaru
 26617 | Lair:6   | Received a gift from Okawaru
 27035 | D:9      | Killed an ettin
 27134 | Orc:1    | Noticed Snorg
 27143 | Orc:1    | Identified the +4 robe "Soats" {MP-9 Dex+6 Slay+2} (Okawaru
                  | gifted it to you on level 1 of the Orcish Mines)
 27143 | Orc:1    | Received a gift from Okawaru
 27145 | Orc:1    | Killed Snorg
 27146 | Orc:1    | Reached XP level 14. HP: 107/111 MP: 26/26
 27344 | D:9      | Reached skill level 10 in Polearms
 27344 | D:9      | Reached skill level 10 in Dodging
 27408 | Orc:1    | Noticed an orc warlord
 28699 | Lair:6   | Reached skill level 10 in Invocations
 29307 | D:9      | Slain by an orc warlord

Illustrated notes

Levels and vault maps discovered:
D:1:      tarquinn_simple_flora_water_d, layout_basic,
          shapermc_ecumenical_altar_mp_vishouse, minivault_26,
          chequers_serial_rivers_micro_a
D:2:      layout_basic, basic_altar, chequers_serial_rivers_small_a
D:3:      layout_basic, uniq_sigmund
D:4:      layout_basic
D:5:      minmay_skewed_foursquare, layout_loops_cross,
          lemuel_temple_firewalk_a, uniq_menkaure, uniq_blork_the_orc,
          uniq_prince_ribbit1
D:6:      layout_gridville, lightli_minifort, uniq_pikel, uniq_edmund
D:7:      layout_cave_pools, nzn_ghost_randoct
D:8:      layout_basic
D:9:      layout_long_grid, minmay_orc_entry_temple_small,
          ebering_ghost_reflecting_pool
D:10:     layout_layer_cave, minitemple, dpeg_oklobed_lair, uniq_sonja,
          uniq_nergalle
D:11:     layout_long_grid, nicolae_dithmenos_shadow_blocks
D:12:     layout_roguey, uniq_maurice, uniq_josephine, uniq_kirke, uniq_rupert
Temple:   cyrus_circular_temple
Lair:1:   layout_layer_cave
Lair:2:   layout_long_grid, minmay_shoals_entry_lonely_mermaid,
          cheibrodos_lair_lostbears, grunt_megastairs_5, lemuel_fruit_tree,
          uniq_fannar, uniq_harold
Lair:3:   layout_roguey, disabler_island, infiniplex_staircase_pool
Lair:4:   layout_misc_corridors, spider_nest_entry_a
Lair:5:   layout_cave_pods, dpeg_slime_entry_enclosed_altar,
          grunt_forest_large_clearing_hut, grunt_megastairs_1
Lair:6:   hangedman_lair_in_review, layout_cave_pods, guppyfry_lair_end_dragon
Orc:1:    layout_caves, basic_altar, serial_shops, nicolae_shop_window_shopping,
          shop, shop, uniq_snorg

Skill      XL: |  1  2  3  4  5  6  7  8  9 10 11 12 13 14 |
---------------+-------------------------------------------+-----
Stealth        | 10 11 12 | 12.8
Invocations    | 1 2 3 4 5 6 7 8 9 10 | 10.0
Short Blades   | 1 2 3 4 5 6 7 8 9 |  9.2
Long Blades    | 1 2 3 4 5 6 7 8 9 |  9.2
Axes           | 1 2 3 4 5 6 7 8 9 |  9.2
Maces & Flails | 1 2 3 4 5 6 7 8 9 |  9.2
Staves         | 1 2 3 4 5 6 7 8 9 |  9.2
Slings         | 1 2 3 4 5 6 7 8 9 |  9.2
Bows           | 1 2 3 4 5 6 7 8 9 |  9.2
Crossbows      | 1 2 3 4 5 6 7 8 9 |  9.2
Throwing       | 1 2 3 4 5 6 7 8 9 |  9.2
Armour         | 1 2 3 4 5 6 7 8 9 |  9.2
Shields        | 1 2 3 4 5 6 7 8 9 |  9.2
Unarmed Combat | 1 2 3 4 5 6 7 8 9 |  9.2
Spellcasting   | 1 2 3 4 5 6 7 8 9 |  9.2
Evocations     | 1 2 3 4 5 6 7 8 9 |  9.2
Conjurations   | 1 2 3 4 5 6 7 |  7.7
Hexes          | 1 2 3 4 5 6 7 |  7.7
Summonings     | 1 2 3 4 5 6 7 |  7.7
Necromancy     | 1 2 3 4 5 6 7 |  7.7
Translocations | 1 2 3 4 5 6 7 |  7.7
Transmutations | 1 2 3 4 5 6 7 |  7.7
Fire Magic     | 1 2 3 4 5 6 7 |  7.7
Ice Magic      | 1 2 3 4 5 6 7 |  7.7
Air Magic      | 1 2 3 4 5 6 7 |  7.7
Earth Magic    | 1 2 3 4 5 6 7 |  7.7
Poison Magic   | 1 2 3 4 5 6 7 |  7.7
Polearms       | 5 6 7 8 9 10 | 10.3
Dodging        | 5 6 7 8 9 10 | 10.3
Fighting       | 7 8 9 10 11 | 11.1

Action                   |  1- 3 |  4- 6 |  7- 9 | 10-12 | 13-15 || total
-------------------------+-------+-------+-------+-------+-------++-------
Melee: Hand axe          |    72 |    53 |   149 |       |       ||   274
       Bite              |     3 |     4 |    42 |   143 |   159 ||   351
       Punch             |       |       |     8 |    34 |    60 ||   102
       Trident           |       |       |    47 |       |       ||    47
       Whip              |       |       |   167 |    60 |       ||   227
       Dagger            |       |       |       |   475 |       ||   475
       Quick blade       |       |       |       |   579 |   923 ||  1502
       War axe           |       |       |       |       |   211 ||   211
 Fire: Shortbow          |       |    63 |    27 |       |       ||    90
       Hunting sling     |       |       |    35 |    13 |       ||    48
Throw: Boomerang         |       |     2 |    26 |     5 |       ||    33
       Dart              |       |       |     3 |     5 |     4 ||    12
 Cast: Call Imp          |       |       |       |     1 |       ||     1
       Call Canine Famil |       |       |       |     1 |       ||     1
Invok: Heroism           |       |       |       |     1 |    10 ||    11
Evoke: Wand              |       |       |     1 |     1 |    10 ||    12
       Phial of floods   |       |       |       |     1 |     1 ||     2
  Use: Potion            |       |     1 |     2 |       |     3 ||     6
       Scroll            |       |       |       |     7 |    19 ||    26
 Stab: Sleeping          |    17 |     3 |     6 |    11 |       ||    37
       Distracted        |       |       |     1 |     2 |     3 ||     6
       Paralysed         |       |       |       |     1 |     2 ||     3
       Confused          |       |       |       |       |     1 ||     1
Armor: Leather armour    |    13 |     3 |       |       |       ||    16
       Scale mail        |       |    32 |   154 |   342 |       ||   528
       Chain mail        |       |       |       |    80 |   335 ||   415
Dodge: Dodged            |    77 |    42 |   200 |   524 |   367 ||  1210

Table legend: (Time is in decaauts)
 A = Elapsed time spent in this place.
 B = Non-inter-level travel time spent in this place.
 C = Inter-level travel time spent in this place.
 D = Time resting spent in this place.
 E = Time spent auto-exploring this place.
 F = Levels seen in this place.
 G = Mean time per level.
                   A        B        C        D        E       F      G
               +--------+--------+--------+--------+--------+-----+--------+
         Total |  28297 |  26328 |   1969 |   4929 |  16738 |  20 | 1414.8 |
       Dungeon |  16791 |  15561 |   1230 |   3277 |   9474 |  12 | 1399.2 |
        Temple |     70 |     59 |     11 |      0 |     44 |   1 |   70.0 |
          Lair |  11374 |  10648 |    726 |   1652 |   7220 |   6 | 1895.7 |
  Orcish Mines |     60 |     59 |      1 |      0 |      0 |   1 |   60.0 |
               +--------+--------+--------+--------+--------+-----+--------+

Top non-repeatable levels by time:
     D:5: 3086 daAuts
     D:6: 2811 daAuts
  Lair:1: 2479 daAuts
  Lair:2: 2382 daAuts
    D:10: 2225 daAuts
  Lair:5: 2086 daAuts
     D:9: 2064 daAuts
     D:7: 1603 daAuts
  Lair:4: 1576 daAuts
  Lair:6: 1468 daAuts
  Lair:3: 1381 daAuts
     D:3: 1379 daAuts
     D:4: 988 daAuts
     D:8: 787 daAuts
     D:2: 718 daAuts
